Map: Acropolis EC

Players

Stephano

  • Race: Zerg Zerg
  • Spawn Location: 11:00

ShaDoWn - Winner!

  • Race: Protoss Protoss
  • Spawn Location: 5:00

Event: 2019 WCS Summer

VOD

Have the link to the VOD?

Description

Time

  • Played on: July 12, 2019, 10 a.m.
  • Length: 7:54

All games in this series

Show
View Real Time Build Order
Export as new Build Order

Stephano Zerg 

Build Orders: Hatch First 

Get SALT Encoding   

  12  0:00  Drone  
  13  0:12  Overlord  
  13  0:16  Drone  
  14  0:30  Drone x2  
  16  0:47  Hatchery  
  15  0:50  Drone  
  15  0:54  Drone  
  17  0:57  Drone  
  18  1:08  Extractor  
  17  1:12  Spawning Pool  
  17  1:15  Drone  
  17  1:18  Drone  
  18  1:27  Drone  
  19  1:38  Drone  
  20  1:49  Drone  
  21  2:00  Zergling x2, Queen x2  
  21  2:01  Overlord  
  26  2:10  Drone x2  
  28  2:22  Hatchery  
  27  2:24  Drone  
  27  2:25  Drone  
  29  2:33  Drone x2  
  31  2:38  Queen  
  31  2:42  Overlord  
  33  2:45  Drone  
  34  2:51  Metabolic Boost  
  34  2:54  Drone x2  
  36  3:01  Evolution Chamber  
  36  3:04  Drone  
  36  3:05  Drone  
  37  3:07  Overlord  
  37  3:09  Drone x2  
  37  3:12  Drone x2  
  41  3:20  Overlord  
  41  3:24  Drone x2  
  43  3:27  Queen  
  43  3:29  Drone  
  46  3:35  Overlord  
  46  3:37  Spore Crawler  
  46  3:38  Spore Crawler  
  46  3:40  Drone  
  45  3:42  Drone  
  45  3:44  Zerg Melee Weapons Level 1  
  45  3:45  Drone  
  47  3:48  Spore Crawler  
  47  3:51  Zergling x4  
  47  3:53  Drone  
  49  3:57  Drone  
  49  3:58  Drone x2  
  49  4:02  Drone x3  
  55  4:07  Zergling x4  
  57  4:13  Queen  
  57  4:14  Zergling x4  
  57  4:15  Zergling x2  
  62  4:18  Overlord  
  62  4:21  Drone x2  
  62  4:23  Drone  
  65  4:25  Drone  
  65  4:27  Lair  
  66  4:32  Overlord  
  66  4:41  Drone x4  
  66  4:42  Drone x2  
  66  4:43  Drone x2  
  74  4:53  Queen  
  74  4:54  Drone x2  
  74  4:55  Drone x2, Baneling Nest  
  74  4:57  Extractor  
  74  4:58  Extractor, Spine Crawler  
  76  5:01  Zergling x4  
  78  5:07  Zergling x6  
  80  5:14  Zergling x2  
  80  5:17  Overlord  
  81  5:23  Overlord  
  81  5:25  Overlord x3  
  81  5:34  Queen x2  
  84  5:37  Zergling x10  
  89  5:43  Baneling x8  
  89  5:47  Zergling x10  
  85  5:58  Zergling x2  
  85  5:59  Zergling x14  
  78  6:08  Zergling x6  
  75  6:15  Zergling x2  
  71  6:24  Zergling x6  
  65  6:35  Zergling x6  
  65  6:38  Zergling x2  
  60  6:41  Zergling x2  
  60  6:46  Zergling x2  
  60  6:49  Zergling x8  
  61  6:57  Zergling x4  
  62  7:04  Zergling x2  
  63  7:11  Baneling x5  
  62  7:19  Zergling x2  
  62  7:20  Zergling x6  
  65  7:32  Zergling x10  
Show
View Real Time Build Order
Export as new Build Order

ShaDoWn Protoss - Winner!

Build Orders: 1 Gate Expand, Oracle Opening 

Get SALT Encoding   

  12  0:00  Probe  
  13  0:12  Probe  
  14  0:21  Pylon  
  14  0:24  Probe  
  15  0:28  Assimilator  
  15  0:36  Probe  
  16  0:44  Probe, Gateway  
  17  0:53  Probe  
  18  1:05  Probe  
  19  1:17  Probe  
  20  1:23  Nexus  
  20  1:33  Cybernetics Core  
  20  1:35  Probe  
  21  1:40  Assimilator  
  21  1:48  Probe  
  21  1:50  Pylon  
  22  1:59  Adept  
  22  2:00  Probe  
  23  2:12  Probe  
  23  2:13  Stargate  
  26  2:22  Stalker, Warp Gate  
  26  2:24  Probe  
  29  2:34  Probe  
  29  2:36  Probe  
  30  2:42  Probe  
  31  2:48  Probe  
  31  2:50  Oracle  
  33  2:51  Probe  
  34  3:00  Probe  
  34  3:03  Probe  
  39  3:12  Probe  
  40  3:15  Probe  
  40  3:18  Twilight Council  
  41  3:20  Gateway  
  41  3:24  Probe  
  42  3:28  Probe  
  42  3:30  Gateway  
  43  3:36  Probe  
  43  3:38  Resonating Glaives  
  43  3:40  Probe, Pylon  
  45  3:43  Assimilator  
  45  3:45  Assimilator  
  45  3:53  Gateway  
  45  4:04  Gateway x2  
  45  4:10  Probe x2  
  45  4:11  Gateway  
  47  4:19  Adept x2  
  47  4:22  Probe x2  
  53  4:25  Pylon x2  
  53  4:29  Pylon  
  53  4:45  Adept x3  
  59  4:55  Adept  
  59  4:58  Pylon  
  61  5:00  Adept x2  
  61  5:05  Adept  
  67  5:07  Adept x2  
  67  5:08  Adept  
  67  5:12  Pylon  
  73  5:20  Adept  
  73  5:21  Adept x2  
  77  5:28  Adept x3  
  85  5:41  Adept x4  
  83  5:58  Adept x3  
  72  6:06  Adept x4  
  79  6:11  Probe  
  71  6:19  Adept x3  
  67  6:29  Adept x4  
  65  6:42  Adept x3  
  71  6:54  Adept x4  
  79  7:17  Adept x7  
  93  7:23  Probe  
  94  7:31  Pylon  
  90  7:42  Adept x7  
Tags
 
Add a new tag
Caveats
  • Supply blocks, unpowered buildings, or Contaminate may cause inaccurate times.
  • Supply counts are checked every 10 seconds.